 Dungeon Crawl Stone Soup version 0.26-a0-52-gd53d4cd058 (webtiles) character file.

Game seed: 17098881346869004589

136 Bapho the Slasher (level 5, -3/41 HPs)
             Began as a Human Fighter on June 6, 2020.
             Was a Follower of Elyvilon.
             Killed by divine providence
             ... invoked by an orc priest
              (11 damage)
             ... on level 3 of the Dungeon.
             The game lasted 00:03:50 (2127 turns).

Bapho the Slasher (Human Fighter)                   Turns: 2127, Time: 00:03:52

Health: -3/41      AC:  9    Str: 16    XL:     5   Next: 43%
Magic:  5/5        EV:  4    Int:  9    God:    Elyvilon [*.....]
Gold:   142        SH:  9    Dex: 13    Spells: 4/4 levels left

rFire    . . .     SeeInvis .   a - +0 long sword
rCold    . . .     Gourm    .   c - +0 kite shield
rNeg     . . .     Faith    .   g - +0 chain mail
rPois    .         Spirit   .   (no helmet)
rElec    .         Reflect  .   (no cloak)
rCorr    .         Harm     .   (no gloves)
MR       .....                  (no boots)
Stlth    ..........             (no amulet)
HPRegen  0.13/turn              (no ring)
MPRegen  0.09/turn              (no ring)

@: no status effects
A: no striking features
a: Lesser Healing, Divine Protection, Renounce Religion


You were on level 3 of the Dungeon.
You worshipped Elyvilon.
Elyvilon was aware of your devotion.
You were not hungry.

You visited 1 branch of the dungeon, and saw 3 of its levels.

You collected 142 gold pieces.

Inventory:

Hand Weapons
 a - a +0 long sword (weapon)
Missiles
 e - 80 stones (quivered)
Armour
 b - a +0 scale mail
 c - a +0 kite shield (worn)
 g - a +0 chain mail (worn)
Scrolls
 j - 2 scrolls of identify {unknown}
 k - a scroll of magic mapping {unknown}
 m - a scroll of teleportation {unknown}
 n - a scroll of enchant armour {unknown}
Potions
 h - a potion of degeneration {unknown}
 i - a potion of curing {unknown}
 l - a potion of brilliance {unknown}
Comestibles
 d - 3 chunks of flesh
 f - 2 rations


   Skills:
 - Level 3.3 Fighting
 * Level 4.6 Long Blades
 - Level 3.2 Armour
 - Level 1.0 Dodging
 - Level 3.0 Shields


You had 4 spell levels left.
You didn't know any spells.
Your spell library was empty.

Dungeon Overview and Level Annotations

Branches:
Dungeon (3/15)

Altars:
Elyvilon
Ru


Message History

The orc priest hits you but does no damage.
The orc hits you but does no damage.
The orc priest mumbles some strange prayers to Beogh against you.
Beogh smites you!
You hit the orc priest but do no damage.
The orc priest is almost dead.
You block the orc's attack.
The orc priest hits you but does no damage.
You block the orc's attack.
You barely miss the orc priest.
The orc priest is almost dead.
The orc priest hits you. The orc hits you but does no damage.
You hit the orc priest but do no damage.
The orc priest is almost dead.
The orc priest invokes the aid of Beogh against you.
Beogh smites you! The orc hits you with a +0 trident.
* * * LOW HITPOINT WARNING * * *
The orc priest mumbles some strange prayers to Beogh against you.
Beogh smites you!
You die...

#.o#.....(#
##o#......#
#รท#..)...#
#.#..)...#
#..[.....#
##......(#
#.......#
##...o..#
#...@)##
#.##.o#
....#<.#
#.....#.#
#........#
#.....#..#
##........
###..#...#
#......#


You could see an orc priest and an orc.

Vanquished Creatures
  An orc wizard (D:2)
  3 adders (D:2)
  An ooze (D:2)
  2 worms (D:2)
  3 dart slugs
  2 leopard geckos (D:1)
  3 orcs
  3 giant cockroaches
  7 goblins
  3 hobgoblins
  3 jackals (D:2)
  A quokka (D:2)
  3 ball pythons
  8 bats
  3 frilled lizards
  8 kobolds
  8 rats
62 creatures vanquished.

Notes
Turn   | Place    | Note
-------+----------+-------------------------------------------
     0 | D:1      | Bapho the Human Fighter began the quest for the Orb.
     0 | D:1      | Reached XP level 1. HP: 18/18 MP: 1/1
   191 | D:1      | Reached XP level 2. HP: 24/24 MP: 2/2
   215 | D:1      | Found a white marble altar of Elyvilon.
   466 | D:1      | Became a worshipper of Elyvilon the Healer
   605 | D:1      | Reached XP level 3. HP: 29/29 MP: 3/3
   891 | D:2      | Reached skill level 1 in Dodging
  1082 | D:2      | Found a sacrificial altar of Ru.
  1090 | D:2      | Reached skill level 3 in Long Blades
  1090 | D:2      | Reached XP level 4. HP: 28/35 MP: 4/4
  1304 | D:2      | Reached skill level 4 in Long Blades
  1312 | D:2      | Reached XP level 5. HP: 39/41 MP: 5/5
  1368 | D:2      | Reached * piety under Elyvilon
  2127 | D:3      | Killed from afar by an orc priest

Illustrated notes

Levels and vault maps discovered:
D:1:      lemuel_arrival_broad_hall, layout_rooms, grunt_decor_fettered,
          nrook_mini_vaults, minmay_hexomino_r4
D:2:      layout_rooms, first_ration, nicolae_ru_great_annihilating_truth
D:3:      layout_basic, uniq_ijyb

Skill      XL: |  1  2  3  4 |
---------------+-------------+-----
Dodging        | 1 |  1.0
Long Blades    | 3 4 |  4.6
Fighting       | |  3.3
Armour         | |  3.2
Shields        | |  3.0

Action                   |  1- 3 |  4- 6 || total
-------------------------+-------+-------++-------
Melee: Long sword        |    61 |   137 ||   198
Throw: Stone             |    49 |    66 ||   115
  Use: Potion            |     1 |       ||     1
 Stab: Distracted        |     1 |       ||     1
  Eat: Chunk             |     1 |     3 ||     4
Armor: Scale mail        |    20 |     5 ||    25
       Chain mail        |       |    67 ||    67
Dodge: Dodged            |    14 |    23 ||    37
Block: Kite shield       |    32 |    60 ||    92
       Rpst.: Long sword |     6 |     4 ||    10

Table legend:
 A = Non-vault XP
 B = Vault XP
 C = Vault XP percentage of total XP
 D = Non-vault monster count
 E = Vault monster count
 F = Vault count percentage of total count
                 A         B        C        D         E       F
            +---------+---------+-------+---------+---------+-------
      Total |     134 |      61 |  31.3 |      55 |       7 |  11.3
            +---------+---------+-------+---------+---------+-------
        D:1 |      27 |       5 |  15.6 |      17 |       3 |  15.0
        D:2 |      87 |      56 |  39.2 |      27 |       4 |  12.9
        D:3 |      20 |       0 |   0.0 |      11 |       0 |   0.0
            +---------+---------+-------+---------+---------+-------
